 Dungeon Crawl Stone Soup version 0.25-a0-353-ged6d54792d (webtiles) character file.

Game seed: 11053051357787366625, levelgen mode: classic

15580 Borgoz the Cruncher (level 12, -10/78 HPs)
             Began as a Gargoyle Gladiator on Jan 1, 2020.
             Was a Priest of Ashenzari.
             Killed from afar by a molten gargoyle (25 damage)
             ... with a bolt of magma
             ... in a Gauntlet.
             The game lasted 00:22:43 (13174 turns).

Borgoz the Cruncher (Gargoyle Gladiator)           Turns: 13174, Time: 00:22:44

Health: -10/78     AC: 19    Str: 22    XL:     12   Next: 28%
Magic:  12/12      EV: 14    Int:  9    God:    Ashenzari [***...]
Gold:   784        SH:  0    Dex: 12    Spells: 11/11 levels left

rFire    + . .     SeeInvis +   a - +0 quarterstaff (curse)
rCold    . . .     Gourm    .   (shield currently unavailable)
rNeg     + . .     Faith    .   v - +0 scale mail {rF+}
rPois    ∞         Spirit   .   c - +0 helmet
rElec    +         Reflect  .   E - scarf {cloud immunity}
rCorr    .         Harm     .   (no gloves)
MR       +....     NoTele   +   (no boots)
Stlth    ..........             x - amulet of the acrobat
HPRegen  0.23/turn              y - ring of protection from magic
MPRegen  0.13/turn              (no ring)

@: no status effects
A: negative energy resistance 1, electricity resistance, unbreathing,
petrification resistance, rot immunity, AC +8
a: Curse Item, Scrying, Renounce Religion


You were in a Gauntlet.
You worshipped Ashenzari.
Ashenzari was most pleased with you.
You were not hungry.

You visited 2 branches of the dungeon, and saw 13 of its levels.
You also visited: Gauntlet.

You collected 784 gold pieces.

Inventory:

Hand Weapons
 a - a cursed +0 quarterstaff (weapon)
 d - the +8 long sword of Destiny {freeze, rElec MP-9 Str+2}
   (You found it on level 11 of the Dungeon)

   It has been specially enchanted to freeze those struck by it, causing extra
   injury to most foes and up to half again as much damage against particularly
   susceptible opponents.
   It can also slow down cold-blooded creatures.
   It affects your strength (+2).
   It insulates you from electricity.
   It affects your magic capacity (-9).
Missiles
 B - a throwing net (quivered)
Armour
 c - a +0 helmet (worn)
 v - a +0 scale mail of fire resistance (worn)
 z - +0 steam dragon scales
 E - a scarf of cloud immunity (worn)
Jewellery
 p - an uncursed ring of fire
 x - an amulet of the acrobat (around neck)
 y - a ring of protection from magic (left hand)
Wands
 b - a wand of scattershot (7)
 q - a wand of random effects (33)
 r - a wand of digging (6)
 s - a wand of flame (45)
 t - a wand of iceblast (14)
 D - a wand of disintegration (37)
Scrolls
 e - 3 scrolls of fear {unknown}
 h - 4 scrolls of magic mapping {unknown}
 j - a scroll of blinking
 k - 2 scrolls of enchant armour {unknown}
 l - 4 scrolls of fog {unknown}
 m - 5 scrolls of teleportation {unknown}
 u - 4 scrolls of enchant weapon {unknown}
 w - 4 scrolls of remove curse
 C - a scroll of amnesia
 H - a scroll of brand weapon {unknown}
 I - a scroll of silence {unknown}
Potions
 g - 3 potions of curing
 i - 2 potions of flight
 n - a potion of haste {unknown}
 o - a potion of brilliance
 A - a potion of resistance
 F - a potion of agility
 G - a potion of invisibility {unknown}
Comestibles
 f - 20 rations


   Skills:
 + Level 10.5 Fighting
 + Level 11.4(14.9) Staves
 - Level 1.7 Throwing
 + Level 10.2 Armour
 + Level 8.3 Dodging


You had 11 spell levels left.
You didn't know any spells.
Your spell library contained the following spells:

 Spells                   Type           Power        Failure   Level  Hunger
 Foxfire                  Conj/Fire      #...         65%         1    ##.....
 Sandblast                Erth           #.....       65%         1    ##.....
 Shock                    Conj/Air       #...         65%         1    ##.....
 Passwall                 Tmut/Erth      #.......     80%         2    ###....
 Swiftness                Chrm/Air       #.......     80%         2    ###....
 Conjure Flame            Conj/Fire      #.......     95%         3    ####...
 Inner Flame              Hex/Fire       #.......     95%         3    ####...
 Static Discharge         Conj/Air       #.......     95%         3    ####...
 Stone Arrow              Conj/Erth      #.....       95%         3    ####...
 Airstrike                Air            #.........   100%        4    #####..
 Petrify                  Tmut/Erth      #.......     100%        4    #####..
 Sticky Flame             Conj/Fire      #.......     100%        4    #####..
 Fireball                 Conj/Fire      #.........   100%        5    ######.
 Lee's Rapid Deconstruct  Erth           #.........   100%        5    ######.
 Lightning Bolt           Conj/Air       #.........   100%        5    ######.


Dungeon Overview and Level Annotations

Branches:
Dungeon (12/15)            Temple (1/1) D:7            Lair (0/6) D:8
    Orc (0/2) D:10        Gauntlet (1/1)

Altars:
Ashenzari
Cheibriados
Dithmenos
Elyvilon
Fedhas
Gozag
Hepliaklqana
Kikubaaqudgha
Makhleb
Nemelex Xobeh
Okawaru
Qazlal
Ru
Sif Muna
Trog
Uskayaw
Vehumet
Wu Jian
Xom
Yredelemnul
Zin
The Shining One

Shops:
D:10 :*

Annotations:
Gauntlet 13 transporters


Innate Abilities, Weirdness & Mutations

You are resistant to torment.
Your stone body is resilient. (AC +8)
You are immune to poison.
You resist negative energy. (rN+)
You are resistant to electric shocks. (rElec)
You can survive without breathing.
You are immune to petrification.
You are immune to rotting.


Message History

You bludgeon the catoblepas!!
The catoblepas is almost dead.
The catoblepas breathes a plume of calcifying dust at you.
The blast of calcifying dust hits you but does no damage.
The catoblepas struggles against the net.
You strike the helpless catoblepas from behind!
You hit the catoblepas.
The catoblepas is almost dead.
The molten gargoyle hits you with a +0 morningstar.
* * * LOW HITPOINT WARNING * * *
You are engulfed in flames.
You resist.
* * * LOW HITPOINT WARNING * * *
You completely miss the catoblepas.
The catoblepas is almost dead.
Unknown command.
You sock the catoblepas!
You kill the catoblepas!
The molten gargoyle blasts magma at you!
The bolt of magma hits you!! You partially resist.
You die...

Y.Y..^.#...#.....45..#.#..#######
########...###########.#........#
.........≈...........#.#........#
####....≈8≈....#######.#######...
..©#.....≈.....#©...........©#...
########...######################
..5p5p##...#....#....#.#pp55.....
....5#5#...#...#9#9..#.#5##...##.
#...#^.#...#..#.@9#..#.#.#.###.#.
.#©#...#...#.#..#..#.#.#..##.##.5
.^#^.5.#...##..#.#..##.#....©....
.#.#...#...#..#...#..#.#..##.##..
#...#..#...#.#..#.P#.#.#.#.###.#.
.....#^#...##Y.#.#.P##.#.##...##.
.[©..5##...#![#.©.#.9#.#.p5[©.).p
########...######################
..©#.....§.§...#©...........©#...


You could see 2 molten gargoyles and a gargoyle.

Vanquished Creatures
  A catoblepas (Gauntlet)
  Erica (D:10)
  A tengu warrior (D:10)
  2 cyclopes (D:11)
  Joseph (D:7)
  2 gargoyles
  3 trolls
  Grinder (D:4)
  3 hippogriffs
  A wyvern (D:10)
  Sigmund (D:3)
  19 yaks
  A wraith (D:12)
  Grum (D:10)
  A steam dragon (D:7)
  A soldier ant (D:8)
  Menkaure (D:4)
  A hungry ghost (D:7)
  A water moccasin (D:6)
  5 porcupines (D:8)
  3 sky beasts
  6 orc warriors
  A phantom (D:9)
  2 wolves (D:10)
  3 ice beasts
  4 ogres
  3 centaurs
  5 crocodiles
  A big kobold (D:9)
  6 bullfrogs
  A water moccasin skeleton (D:7)
  9 killer bees
  4 scorpions
  22 wights
  5 crimson imps
  2 howler monkeys (D:9)
  A lava snake (D:10)
  A bullfrog zombie (D:5)
  2 centaur zombies
  10 hounds
  2 bullfrog skeletons (D:4)
  3 orc priests
  A centaur skeleton (D:8)
  2 iguanas
  Terence (D:2)
  11 orc wizards
  11 worker ants
  2 hound skeletons
  Robin (D:2)
  18 adders
  3 gnolls (D:10)
  3 shadow imps
  A white imp (Gauntlet)
  2 oozes
  A worm (D:2)
  7 dart slugs
  7 leopard geckos
  60 orcs
  10 bats
  7 giant cockroaches
  14 goblins
  13 hobgoblins
  13 jackals
  5 quokkas
  5 frilled lizards
  13 kobolds
  A leopard gecko skeleton (D:4)
  A quokka skeleton (D:6)
  A quokka zombie (D:8)
  11 rats
369 creatures vanquished.

Vanquished Creatures (others)
  An orc wizard (D:10)
  An orc (D:10)
  2 bushes (D:8)
  9 fungi
  26 plants
39 creatures vanquished.

Grand Total: 408 creatures vanquished

Notes
Turn   | Place    | Note
-------+----------+-------------------------------------------
     0 | D:1      | Borgoz the Gargoyle Gladiator began the quest for the Orb.
     0 | D:1      | Reached XP level 1. HP: 12/12 MP: 1/1
   264 | D:1      | Reached XP level 2. HP: 18/18 MP: 2/2
   532 | D:1      | Reached skill level 1 in Armour
   647 | D:1      | Reached XP level 3. HP: 22/22 MP: 3/3
   980 | D:2      | Found a sacrificial altar of Ru.
   992 | D:2      | Reached XP level 4. HP: 24/27 MP: 4/4
  1053 | D:2      | Found a hide-covered altar of Uskayaw.
  1222 | D:2      | Found a snail-covered altar of Cheibriados.
  1234 | D:2      | Noticed Robin
  1251 | D:2      | Killed Robin
  1251 | D:2      | Reached skill level 4 in Staves
  1546 | D:2      | Noticed Terence
  1562 | D:2      | Killed Terence
  1562 | D:2      | Reached XP level 5. HP: 27/32 MP: 5/5
  1911 | D:3      | Noticed Sigmund
  1927 | D:3      | Killed Sigmund
  1927 | D:3      | Reached XP level 6. HP: 30/38 MP: 6/6
  2063 | D:3      | Found a stormy altar of Qazlal.
  2065 | D:3      | Found a shimmering altar of Xom.
  2068 | D:3      | Found a white marble altar of Elyvilon.
  2070 | D:3      | Reached skill level 5 in Staves
  2648 | D:3      | Reached XP level 7. HP: 41/43 MP: 7/7
  2941 | D:4      | Noticed Grinder
  2941 | D:4      | Paralysed by Grinder for 4 turns
  2951 | D:4      | Paralysed by Grinder for 4 turns
  2973 | D:4      | Killed Grinder
  3181 | D:4      | Reached skill level 6 in Staves
  3303 | D:4      | Noticed Menkaure
  3312 | D:4      | Killed Menkaure
  3312 | D:4      | Reached XP level 8. HP: 30/48 MP: 8/8
  3840 | D:5      | Entered Level 5 of the Dungeon
  4006 | D:5      | Found a burning altar of Makhleb.
  4038 | D:5      | Reached skill level 5 in Fighting
  4117 | D:5      | Found a hazy altar of Hepliaklqana.
  4210 | D:5      | Found an iron altar of Okawaru.
  4213 | D:5      | Found an ancient bone altar of Kikubaaqudgha.
  4222 | D:5      | Found a shattered altar of Ashenzari.
  4228 | D:5      | Became a worshipper of Ashenzari the Shackled
  4661 | D:5      | Reached skill level 7 in Staves
  4808 | D:6      | Reached * piety under Ashenzari
  4871 | D:6      | Reached skill level 5 in Armour
  5089 | D:6      | Reached XP level 9. HP: 49/55 MP: 9/9
  5141 | D:6      | Found an opulent altar of Gozag.
  5382 | D:7      | Reached skill level 8 in Staves
  5403 | D:7      | Reached skill level 5 in Dodging
  5476 | D:7      | Found a staircase to the Ecumenical Temple.
  5493 | Temple   | Entered the Ecumenical Temple
  5904 | D:7      | Found a glowing golden altar of the Shining One.
  5928 | D:7      | Noticed Joseph
  5948 | D:7      | Killed Joseph
  6205 | D:7      | Found a radiant altar of Vehumet.
  6236 | D:7      | Reached skill level 9 in Staves
  6423 | D:7      | Reached XP level 10. HP: 63/63 MP: 10/10
  7286 | D:8      | Found a staircase to the Lair.
  8047 | D:8      | Reached ** piety under Ashenzari
  8157 | D:8      | Reached skill level 10 in Staves
  9093 | D:9      | Reached XP level 11. HP: 46/69 MP: 11/11
  9317 | D:9      | Found a shimmering blue altar of Sif Muna.
  9505 | D:10     | Entered Level 10 of the Dungeon
  9505 | D:10     | Noticed Erica
  9524 | D:10     | Killed Erica
  9801 | D:10     | Found a staircase to the Orcish Mines.
 10026 | D:10     | Noticed Grum
 10050 | D:10     | Killed Grum
 10481 | D:10     | Found Avown's Demolitions Depot.
 10620 | D:10     | Found Tobisch's Book Shop.
 10753 | D:10     | Noticed a tengu warrior
 10774 | D:10     | Killed a tengu warrior
 10929 | D:11     | Identified the +8 long sword of Destiny {freeze, rElec MP-9
                  | Str+2}
 11024 | D:11     | Reached *** piety under Ashenzari
 11055 | D:11     | Reached skill level 11 in Staves
 11230 | D:11     | Reached skill level 10 in Fighting
 11642 | D:11     | Noticed a cyclops
 11654 | D:11     | Killed a cyclops
 11654 | D:11     | Reached XP level 12. HP: 61/77 MP: 12/12
 12350 | D:12     | Reached skill level 10 in Armour
 12395 | D:12     | Found a gate leading to a gauntlet.
 12473 | Gauntlet | Entered a Gauntlet
 12473 | Gauntlet | Found a transporter.
 12473 | Gauntlet | Found a transporter.
 12477 | Gauntlet | Found a transporter.
 12477 | Gauntlet | Found a transporter.
 12486 | Gauntlet | Found a transporter.
 12507 | Gauntlet | Noticed a catoblepas
 12509 | Gauntlet | Found a transporter.
 12511 | Gauntlet | Noticed a reaper
 12512 | Gauntlet | Found a transporter.
 12515 | Gauntlet | Found a transporter.
 12519 | Gauntlet | Found a transporter.
 12546 | Gauntlet | Found a transporter.
 12566 | Gauntlet | Identified the ring of Hiraunae {MR+ MP+9 Str+2}
 12582 | Gauntlet | Found a transporter.
 12630 | Gauntlet | Found a transporter.
 12641 | Gauntlet | Found a transporter.
 12654 | Gauntlet | Noticed a great orb of eyes
 12656 | Gauntlet | Found a transporter.
 12758 | Gauntlet | Found a transporter.
 12774 | Gauntlet | Found a transporter.
 13174 | Gauntlet | Killed a catoblepas
 13174 | Gauntlet | Killed from afar by a molten gargoyle

Levels and vault maps discovered:
D:1:      minmay_arrival_cross, layout_loops_cross
D:2:      layout_loops_ring, nicolae_ru_awakened_eye, kennysheep_slug_shrine,
          marbit_many_paths, minmay_door_square, uniq_robin, uniq_terence
D:3:      layout_basic, grunt_temple_overflow_open, uniq_sigmund
D:4:      layout_basic, uniq_menkaure, uniq_grinder
D:5:      layout_basic, minitemple, kennysheep_little_box, first_ration,
          bloody_makhleb
D:6:      minmay_skewed_foursquare, layout_basic,
          nicolae_gozag_cash_rules_everything_around_me
D:7:      layout_cave_pods, tso_oasis_becter, minmay_temple_entry_grid,
          vehumet_altar_wand_db, uniq_joseph
D:8:      layout_basic, minmay_lair_entry_grove
D:9:      layout_stronghold, led_sif_book
D:10:     layout_loops_ring, orc_0_dummy, serial_shops, nicolae_shop_stone,
          special_room [special_room_orc], grunt_tengu_nest, kennysheep_diamond,
          nicolae_blasting_shop, uniq_erica, uniq_grum
D:11:     layout_loops_ring, hangedman_decor_diamond_cutter
D:12:     layout_stronghold, gauntlet_entry_generic, kennysheep_windowed_goal
Temple:   dpeg_three_leaves_temple
Gauntlet: gammafunk_gauntlet_branching [gammafunk_gauntlet_arena_split_x,
          gammafunk_gauntlet_arena_grid, nicolae_gauntlet_arena_t_cross,
          nicolae_gauntlet_arena_x, gammafunk_gauntlet_arena_arrow_garden,
          gammafunk_gauntlet_arena_corners, nicolae_gauntlet_swirl,
          gammafunk_gauntlet_arena_spirals, gauntlet_exit_hidden_loot]

Skill      XL: |  1  2  3  4  5  6  7  8  9 10 11 12 |
---------------+-------------------------------------+-----
Armour         | 1 2 3 4 5 6 8 9 10 | 10.2
Fighting       | 3 4 5 7 8 10 | 10.5
Staves         | 4 5 6 7 9 10 11 | 11.4
Dodging        | 3 4 5 6 8 |  8.3
Throwing       | |  1.7

Action                   |  1- 3 |  4- 6 |  7- 9 | 10-12 || total
-------------------------+-------+-------+-------+-------++-------
Melee: Quarterstaff      |   117 |   219 |   499 |  1056 ||  1891
Throw: Throwing net      |       |     1 |       |     3 ||     4
Invok: Curse Item        |       |       |     1 |       ||     1
Evoke: Wand              |       |       |       |     4 ||     4
  Use: Scroll            |       |     3 |     3 |     9 ||    15
       Potion            |       |       |     1 |     4 ||     5
 Stab: Held in net/web   |       |       |       |     3 ||     3
  Eat: Chunk             |       |     6 |    13 |    21 ||    40
       Ration            |       |       |     1 |     1 ||     2
Armor: Leather armour    |    49 |    38 |       |       ||    87
       Scale mail        |       |    76 |   277 |   225 ||   578
       Steam dragon scal |       |       |     8 |    84 ||    92
Dodge: Dodged            |    78 |   159 |   375 |   546 ||  1158

Table legend:
 A = Non-vault XP
 B = Vault XP
 C = Vault XP percentage of total XP
 D = Non-vault monster count
 E = Vault monster count
 F = Vault count percentage of total count
                 A         B        C        D         E       F
            +---------+---------+-------+---------+---------+-------
      Total |   14451 |    7807 |  35.1 |     301 |      68 |  18.4
            +---------+---------+-------+---------+---------+-------
        D:1 |      46 |       0 |   0.0 |      22 |       0 |   0.0
        D:2 |      68 |      69 |  50.4 |      19 |      11 |  36.7
        D:3 |     234 |     212 |  47.5 |      40 |       1 |   2.4
        D:4 |     333 |     449 |  57.4 |      12 |       2 |  14.3
        D:5 |     341 |       0 |   0.0 |      18 |       0 |   0.0
        D:6 |     731 |      80 |   9.9 |      18 |       3 |  14.3
        D:7 |    1985 |     473 |  19.2 |      38 |       2 |   5.0
        D:8 |     838 |    2142 |  71.9 |      25 |      13 |  34.2
        D:9 |    1856 |      83 |   4.3 |      36 |       2 |   5.3
       D:10 |    2537 |    2899 |  53.3 |      32 |      31 |  49.2
       D:11 |    4076 |       0 |   0.0 |      29 |       0 |   0.0
       D:12 |    1406 |       0 |   0.0 |      12 |       0 |   0.0
   Gauntlet |       0 |    1400 | 100.0 |       0 |       3 | 100.0
            +---------+---------+-------+---------+---------+-------
